Map: Zen LE

Players

Ratl - Winner!

  • Race: Protoss Protoss
  • League: Silver
  • Spawn Location: 7:00

VOD

Have the link to the VOD?

Description

Time

  • Played on: Jan. 12, 2020, 1:20 p.m.
  • Length: 19:21
Show
View Real Time Build Order
Export as new Build Order

Ratl Protoss - Winner!

Build Orders:  

Get SALT Encoding   

  12  0:04  Probe (Chrono Boost)  
  14  0:21  Probe (Chrono Boost)  
  14  0:27  Pylon  
  14  0:34  Probe (Chrono Boost)  
  15  0:48  Probe (Chrono Boost)  
  15  0:56  Assimilator  
  16  1:02  Probe (Chrono Boost)  
  17  1:11  Gateway  
  17  1:19  Probe (Chrono Boost)  
  18  1:36  Probe (Chrono Boost)  
  18  1:39  Assimilator  
  19  1:51  Gateway  
  19  1:53  Probe (Chrono Boost)  
  21  2:10  Probe (Chrono Boost)  
  21  2:23  Cybernetics Core  
  21  2:27  Probe (Chrono Boost)  
  22  2:44  Probe (Chrono Boost)  
  23  2:52  Pylon  
  23  3:01  Pylon  
  23  3:17  Stalker x2  
  23  3:18  Probe (Chrono Boost)  
  27  3:34  Probe  
  28  3:51  Probe  
  28  3:56  Robotics Facility  
  29  4:00  Stalker  
  29  4:02  Stalker  
  29  4:09  Probe  
  34  4:26  Probe  
  35  4:37  Warp Gate (Chrono Boost)  
  35  4:43  Probe  
  34  5:04  Nexus  
  36  5:21  Observer  
  36  5:26  Pylon  
  35  5:40  Probe  
  35  5:47  Robotics Bay  
  36  5:55  Pylon  
  36  5:57  Probe  
  37  6:14  Probe  
  37  6:15  Stalker x2  
  42  6:31  Probe (Chrono Boost)  
  42  6:37  Warp Prism  
  45  6:42  Probe (Chrono Boost)  
  47  6:51  Probe (Chrono Boost)  
  47  6:54  Probe (Chrono Boost)  
  48  7:04  Shield Battery  
  48  7:08  Assimilator  
  48  7:15  Assimilator  
  48  7:16  Shield Battery  
  48  7:22  Forge  
  48  7:24  Forge  
  48  7:35  Colossus  
  56  7:50  Probe (Chrono Boost)  
  56  7:51  Probe (Chrono Boost)  
  56  8:01  Probe (Chrono Boost)  
  56  8:08  Probe (Chrono Boost)  
  58  8:15  Extended Thermal Lance  
  58  8:17  Pylon  
  58  8:19  Shield Battery  
  58  8:21  Shield Battery  
  58  8:25  Probe (Chrono Boost)  
  58  8:28  Stalker  
  58  8:29  Stalker  
  63  8:39  Probe (Chrono Boost)  
  64  8:48  Observer  
  64  8:53  Immortal  
  68  9:02  Stalker  
  68  9:04  Protoss Ground Armor Level 1 (Chrono Boost)  
  68  9:06  Stalker  
  68  9:07  Protoss Ground Weapons Level 1 (Chrono Boost)  
  72  9:25  Probe x2  
  74  9:55  Probe  
  74  9:57  Probe  
  76  10:11  Probe, Pylon  
  76  10:14  Probe, Pylon  
  78  10:25  Pylon  
  78  10:36  Probe  
  78  10:39  Pylon  
  79  10:41  Gateway  
  79  10:48  Gateway x3  
  78  10:51  Immortal  
  78  10:52  Gateway  
  82  11:08  Probe x2  
  84  11:15  Stalker  
  84  11:16  Stalker  
  88  11:46  Observer  
  89  11:53  Twilight Council  
  89  12:06  Nexus  
  89  12:08  Assimilator, Stalker  
  89  12:09  Assimilator, Stalker x2  
  95  12:10  Pylon, Stalker  
  95  12:11  Pylon  
  95  12:16  Observer  
  98  12:36  Probe x2  
  100  12:53  Probe x2, Stalker  
  100  12:54  Colossus, Stalker  
  100  12:55  Stalker x2  
  116  13:10  Probe x2  
  117  13:43  Stalker  
  117  13:44  Stalker x3  
  117  13:48  Protoss Ground Weapons Level 2 (Chrono Boost), Protoss Ground Armor Level 2 (Chrono Boost)  
  125  14:01  Probe x2  
  125  14:04  Probe  
  128  14:18  Probe x2  
  130  14:20  Probe  
  131  14:33  Colossus (Chrono Boost)  
  131  14:35  Probe x2  
  131  14:37  Probe  
  140  15:17  Pylon  
  140  15:18  Pylon  
  140  15:22  Pylon  
  128  15:44  Immortal (Chrono Boost)  
  132  16:00  Stalker x3  
  132  16:01  Stalker x2  
  132  16:02  Stalker  
  146  16:46  Warp Prism (Chrono Boost)  
  114  17:25  Blink  
  114  17:36  Immortal (Chrono Boost)  
  112  17:43  Zealot x4  
  112  17:44  Zealot x3  
  114  18:17  Stalker x5  
  114  18:18  Stalker x2  
  128  18:31  Immortal (Chrono Boost)  
  128  18:58  Zealot  
  128  18:59  Zealot x6  
Tags
 
League
Silver
Matchup
Co-op
Add a new tag
Caveats
  • Supply blocks, unpowered buildings, or Contaminate may cause inaccurate times.
  • Supply counts are checked every 10 seconds.